AoeStats
← Flizn

Arabia

507278488Analyzed
1v1 RM · 15d ago on Sep 17, 2026· 38m 59s· 2 players
Game mode
Random Map
Map size
Tiny (2 player)
Population
200
Speed
Normal
Resources
Standard
Victory
Conquest
Starting age
Dark Age
Ending age
Imperial Age
RankedLock teamsTeams togetherTeam positionsShared explorationLock speedFull tech treeHidden civsTurbo modeCheats
Victory
Defeat
🇫🇷 Tupi · France
1073
+15
🇵🇹 Burgundians · Portugal
1056
-15
Flizn
7:11 Double-Bit Axe
10:54 Feudal Age
9:48 Horse Collar
11:37 Heavy Plow
11:51 Bow Saw
12:21 Loom
15:00 Gold Mining
20:14 Castle Age
19:23 Gold Shaft Mining
19:47 Scale Barding Armor
22:42 Cavalier
23:22 Husbandry
24:41 Chain Barding Armor
25:28 Wheelbarrow
26:38 Stone Mining
28:03 Stone Shaft Mining
28:14 Forging
32:26 Iron Casting
33:33 Elite Skirmisher
34:06 Fletching
36:54 Light Cavalry
Vlad Tepes
7:41 Loom
9:51 Feudal Age
11:59 Double-Bit Axe
12:26 Horse Collar
20:07 Castle Age
19:33 Fletching
20:26 Crossbowman
21:01 Champi Runner
21:42 Squires
23:29 Ballistics
23:16 Bodkin Arrow
24:33 Pikeman
26:40 Scale Mail Armor
29:35 Forging
29:42 Chain Mail Armor
30:36 Champi Warrior
Connection lost

Rejoining the realm…

Still unreachable

The connection could not be restored.

Session expired

The server has moved on; the page needs a fresh start.